 Dungeon Crawl Stone Soup version 0.19-a0-1815-g4007336 (webtiles) character file.

58 Amnesiac the Magician (level 3, -4/24 HPs)
             Began as a Mummy Wizard on Oct 5, 2016.
             Slain by an ogre
             ... wielding a +0 giant club
              (28 damage)
             ... on level 4 of the Dungeon.
             The game lasted 00:03:21 (1827 turns).

Amnesiac the Magician (Mummy Wizard)                Turns: 1827, Time: 00:03:21

Health: -4/24      AC:  2    Str: 10    XL:     3   Next: 75%
Magic:  1/8        EV: 12    Int: 17    God:
Gold:   30         SH:  0    Dex: 11    Spells: 4 memorised, 1 level left

rFire  x . .     SeeInvis .     d - +0 great mace
rCold  + . .     Gourm    .     a - +0 robe
rNeg   + + +     Faith    .     (shield currently unavailable)
rPois  ∞         Spirit   .     b - +0 hat
rElec  .         Dismiss  .     (no cloak)
rCorr  .         Reflect  .     (no gloves)
MR     .....     Harm     .     (no boots)
Stlth  ++........               (no amulet)
                                (no ring)
                                (no ring)

@: no status effects
A: no food or potions, fire vulnerability, cold resistance 1, negative energy
resistance 3, torment resistance, unbreathing
a: no special abilities


You were on level 4 of the Dungeon.
You were not hungry.

You visited 1 branch of the dungeon, and saw 4 of its levels.

You collected 30 gold pieces.

Inventory:

Hand Weapons
 d - a +0 great mace (weapon)
Armour
 a - a +0 robe (worn)
 b - a +0 hat (worn)
Books
 c - a book of Minor Magic

   Spells                             Type                      Level
   a - Magic Dart                     Conjuration                  1
   b - Blink                          Translocation                2
   c - Call Imp                       Summoning                    2
   d - Repel Missiles                 Charms/Air                   2
   e - Slow                           Hexes                        2
   f - Conjure Flame                  Conjuration/Fire             3
   g - Mephitic Cloud                 Conjuration/Poison/Air       3


   Skills:
 - Level 1.5 Dodging
 - Level 1.5 Stealth
 + Level 4.4 Spellcasting
 - Level 1.0 Conjurations
 - Level 0.7 Summonings
   Level 0.7 Translocations


You had one spell level left.
You knew the following spells:

 Your Spells              Type           Power        Failure   Level  Hunger
d - Call Imp              Summ           #.......     21%         2    N/A
e - Mephitic Cloud        Conj/Pois/Air  #.......     47%         3    N/A
f - Magic Dart            Conj           #...         12%         1    N/A
s - Conjure Flame         Conj/Fire      #.......     38%         3    N/A

Dungeon Overview and Level Annotations

Branches:
Dungeon (4/15)
 Temple: D:4-7

Altars:


Innate Abilities, Weirdness & Mutations

You do not eat or drink.
Your flesh is vulnerable to fire.
You are immune to poison.
Your flesh is cold resistant. (rC+)
You are immune to negative energy. (rN+++)
You are immune to unholy pain and torment.
You can survive without breathing.


Message History

You hit the dart slug.
The dart slug is heavily wounded.
The dart slug barely misses you. x2
You hit the dart slug.
You kill the dart slug!
Casting: Magic Dart
Confirm with . or Enter, or press ? or * to list all spells.
Aiming: Magic Dart
Press: ? - help, Shift-Dir - straight line, f - ogre
Aim: an ogre, wielding a giant club (severely wounded)
The magic dart hits the ogre.
The ogre is almost dead.
Unknown command.
An orc comes into view.
Okay, then.
You hit the orc.
The orc is almost dead.
The orc closely misses you. The ogre hits you with a giant club!!
Ouch! That really hurt!
You die...

#.# #O##.#### #.# #.#.#
#........ .. ..#.#
#........ #
...O#.############.##.####
#.#.#.#...........<..# .#
.....#.############## #
...#.###
##.#.#.#...############
.........#....O@o......
....>......############
########...........
############


You could see an ogre and an orc.

Vanquished Creatures
  An adder (D:4)
  A dart slug (D:4)
  2 leopard geckos (D:1)
  An orc (D:4)
  3 goblins (D:1)
  2 kobolds (D:1)
  4 bats
  6 rats
20 creatures vanquished.

Vanquished Creatures (collateral kills)
  A scorpion (D:4)
  2 orcs (D:4)
  A quokka (D:2)
  A kobold (D:2)
5 creatures vanquished.

Grand Total: 25 creatures vanquished

Notes
Turn   | Place    | Note
-------+----------+-------------------------------------------
     0 | D:1      | Amnesiac the Mummy Wizard began the quest for the Orb.
     0 | D:1      | Reached XP level 1. HP: 13/13 MP: 4/4
    11 | D:1      | Reached skill level 1 in Conjurations
   243 | D:1      | Reached XP level 2. HP: 19/19 MP: 1/6
   247 | D:1      | Learned a level 2 spell: Call Imp
  1039 | D:4      | Noticed a scorpion
  1059 | D:4      | Killed a scorpion
  1059 | D:4      | Reached skill level 4 in Spellcasting
  1059 | D:4      | Reached XP level 3. HP: 19/24 MP: 4/8
  1064 | D:4      | Learned a level 3 spell: Mephitic Cloud
  1068 | D:4      | Learned a level 3 spell: Conjure Flame
  1717 | D:4      | Noticed an ogre
  1827 | D:4      | Slain by an ogre

Vault maps used:
D:1:      dpeg_arrival_subterranean_lakeside_camping
D:2:      nicolae_gozag_zags_fifth_avenue, lemuel_doored_altar,
          gammafunk_temple_overflow_elements
D:3:      nicolae_ru_path_of_blood, nicolae_qazlal_general_emergency,
          first_bread, ecumenical_altar_2, kennysheep_generic_room_10
D:4:      columned_hall_lemuel, hangedman_decor_slide_cut

Skill      XL: |  1  2 |
---------------+-------+-----
Conjurations   | 1 |  1.0
Spellcasting   | 4 |  4.4
Dodging        | |  1.5
Stealth        | |  1.5
Summonings     | |  0.7
Translocations | |  0.7

Action                   || total
-------------------------++-------
Melee: Unarmed           ||     7
       Great mace        ||    16
 Cast: Magic Dart        ||    47
       Call Imp          ||    12
       Mephitic Cloud    ||     1
 Stab: Distracted        ||     1
Armor: Robe              ||     6
Dodge: Dodged            ||    39
